 Dungeon Crawl Stone Soup version 0.29.0-11-gd7f09526c8 (webtiles) character file.

Game seed: 10440147746313312237

58 Zeldest the Ruffian (level 3, -2/36 HPs)
             Began as a Troll Fighter on Sept 4, 2022.
             Was an Initiate of Ashenzari.
             Slain by a gnoll
             ... wielding a +0 club
              (4 damage)
             ... on level 3 of the Dungeon.
             The game lasted 00:02:17 (480 turns).

Zeldest the Ruffian (Troll Fighter)                  Turns: 480, Time: 00:02:18

Health: -2/36      AC:  4    Str: 26    XL:     3   Next: 75%
Magic:  2/2        EV:  8    Int:  4    God:    Ashenzari [......]
Gold:   106        SH:  7    Dex:  9    Spells: 2/2 levels left

rFire   . . .      SeeInvis .     - Unarmed
rCold   . . .      Faith    .   b - +0 kite shield
rNeg    . . .      Spirit   .   a - +0 robe "I Foresaw This" {Bglg, Comp} (curse)
rPois   .          Reflect  .   (helmet restricted)
rElec   .          Harm     .   (no cloak)
rCorr   .          Rampage  .   (gloves unavailable)
Will    .....                   (boots unavailable)
Stlth   +.........              (no amulet)
HPRegen 0.92/turn               (no ring)
MPRegen 0.08/turn               (no ring)

@: no status effects
A: large, unfitting armour, claws 3, regeneration 1, shaggy fur 1, tough skin 1
a: Renounce Religion, Shatter the Chains


You were on level 3 of the Dungeon.
You worshipped Ashenzari.
Ashenzari was noncommittal.
You visited 1 branch of the dungeon, and saw 3 of its levels.

You collected 106 gold pieces.

Inventory:

Armour
 a - the cursed +0 robe "I Foresaw This" (worn) {Bglg, Comp}

   It has a curse which improves the following skills: Beguiling: Conjurations,
   Hexes and Translocations.
   Companions: Summonings and Necromancy.
 b - a +0 kite shield (worn)
Scrolls
 d - a scroll of teleportation {unknown}
 e - 2 scrolls of magic mapping {unknown}
 g - 2 scrolls of poison {unknown}
 h - a scroll of identify {unknown}
 i - a scroll of vulnerability {unknown}
Potions
 c - a potion of might
 f - a potion of curing {unknown}


   Skills:
 + Level 2.9 Fighting
 + Level 1.1 Throwing
 - Level 0.2 Armour
 - Level 2.4 Dodging
 - Level 2.6 Shields
 * Level 3.2 Unarmed Combat


You had 2 spell levels left.
You didn't know any spells.
Your spell library contained the following spells:

 Spells                   Type           Power      Damage    Failure   Level
 Animate Dead             Necr           0%         N/A       100%        4
 Borgnjor's Vile Clutch   Necr/Erth      0%         N/A       100%        5
 Death Channel            Necr           0%         N/A       100%        6


Dungeon Overview and Level Annotations

Branches:
Dungeon (3/15)

Altars:
Ashenzari


Innate Abilities, Weirdness & Mutations

You are too large for most types of armour.
You have claws for hands.
Your natural rate of healing is unusually fast.
You are covered in fur. (AC +1)
You have tough skin. (AC +1)


Message History

You closely miss the gnoll.
The gnoll shouts!
The ball python barely misses you. The gnoll hits you with a +0 halberd!
The gnoll hits you from afar with a +0 spear.
* * * LOW HITPOINT WARNING * * *
You claw the gnoll!
The gnoll is almost dead.
You block the ball python's attack. You block the gnoll's attack.
The gnoll closely misses you.
You scratch the gnoll.
You kill the gnoll!
The ball python closely misses you.
The gnoll hits you from afar with a +0 spear.
* * * LOW HITPOINT WARNING * * *
The ball python barely misses you.
The ball python attacks as you move away!
The ball python barely misses you. The gnoll hits you with a +0 spear.
* * * LOW HITPOINT WARNING * * *
You see here a +0 halberd.
You claw the gnoll!
The gnoll is heavily wounded.
The ball python bites you but does no damage.
The gnoll hits you with a +0 spear.
* * * LOW HITPOINT WARNING * * *
You closely miss the gnoll.
The gnoll is heavily wounded.
The ball python bites you but does no damage.
The gnoll hits you with a +0 club.
* * * LOW HITPOINT WARNING * * *
You block the gnoll's attack. The ball python bites you.
* * * LOW HITPOINT WARNING * * *
You scratch the gnoll but do no damage.
The gnoll is heavily wounded.
The gnoll hits you with a +0 club.
* * * LOW HITPOINT WARNING * * *
You block the gnoll's attack. The ball python closely misses you.
You completely miss the gnoll.
The gnoll is heavily wounded.
The gnoll hits you with a +0 club.
You die...

.g.... ...... .g....
# ...g.. ####### .#
.....) #.....# ..#
......##.###g####..#
#.....g@#....#
.######.#...##S.#
..#.....#...##.## ##
#)..#...#.###..# .#
##..#..##.##..## .##
#.....##.##.## ..#
##.......##. ..#
#.##..#.#..
#.####.....# ..#


You could see 2 gnolls and a ball python.

Vanquished Creatures
  2 gnolls (D:3)
  An adder (D:2)
  A dart slug (D:2)
  6 endoplasms
  A giant cockroach (D:2)
  2 goblins
  4 hobgoblins
  2 kobolds (D:1)
  3 bats
  2 frilled lizards
  2 rats (D:2)
26 creatures vanquished.

Notes
Turn   | Place    | Note
-------+----------+-------------------------------------------
     0 | D:1      | Zeldest the Troll Fighter began the quest for the Orb.
     0 | D:1      | Reached XP level 1. HP: 22/22 MP: 0/0
   144 | D:1      | Reached XP level 2. HP: 28/29 MP: 1/1
   197 | D:1      | Found a faded altar of an unknown god.
   202 | D:1      | Prayed at the altar of an unknown god.
   202 | D:1      | Became a worshipper of Ashenzari the Shackled
   285 | D:2      | Reached XP level 3. HP: 36/36 MP: 2/2
   370 | D:2      | Reached skill level 3 in Unarmed Combat
   472 | D:3      | Reached skill level 1 in Throwing
   479 | D:3      | HP: 1/36 [gnoll/+0 club (3)]
   480 | D:3      | Slain by a gnoll

Illustrated notes

Levels and vault maps discovered:
D:1:      nicolae_arrival_washed_ashore, layout_basic,
          chequers_ecumenical_altar_lobes, kennysheep_decorative_pillar
D:2:      layout_rooms, minmay_split_cup_small
D:3:      layout_basic, chequers_arboretum

Skill      XL: |  1  2  3 |
---------------+----------+-----
Unarmed Combat | 3 |  3.2
Throwing       | 1 |  1.1
Fighting       | |  2.9
Armour         | |  0.2
Dodging        | |  2.4
Shields        | |  2.6

Action                   || total
-------------------------++-------
Melee: Unarmed           ||    76
Invok: Curse Item        ||     1
Armor: Robe              ||    29
Dodge: Dodged            ||    38
Block: Kite shield       ||    36
